[Event "*** SCC Grand Prix: Titled Tuesday Blitz"]
[Site "Chess.com"]
[Date "2020.06.09"]
[Round "4"]
[White "IwkooO"]
[Black "SiddharthGMJagadeesh"]
[Result "0-1"]
[WhiteElo "2588"]
[BlackElo "2436"]
[TimeControl "180+1"]
[EndTime "9:39:03 PDT"]
[Termination "SiddharthGMJagadeesh won by resignation"]

1. e4 c6 2. d4 d5 3. e5 Bf5 4. Nd2 e6 5. Nb3 c5 6. dxc5 Bxc5 7. Nxc5 Qa5+ 8. c3 Qxc5 9. Nf3 Ne7 10. Be2 Qc7 11. O-O Nbc6 12. Re1 O-O 13. h3 Ng6 14. Nd4 Nxd4 15. cxd4 Rac8 16. Be3 Qb6 17. Bd3 Bxd3 18. Qxd3 Ne7 19. b3 Nf5 20. Rec1 Qa5 21. Rc2 Rxc2 22. Qxc2 Qb4 23. Rd1 Ne7 24. Qb2 Rc8 25. Bd2 Qb6 26.
Rc1 Rxc1+ 27. Bxc1 Nc6 28. Be3 Qa5 29. Kf1 Qb5+ 30.
Ke1 Qd3 31. Qd2 Qg6 32. g3 h5 33. h4 Qg4 34. Qc3 Qe4 35. Kd2 Qb1 36. Qc2 Qf1 37.
Qd3 Qa1 38. Qc2 Nxd4 39. Qc8+ Kh7 40. Qxb7 Qxa2+ 41. Kd3 Nf3 42. Qxf7 Nxe5+ 0-1

[Event "*** SCC Grand Prix: Titled Tuesday Blitz"]
[Site "Chess.com"]
[Date "2020.06.09"]
[Round "4"]
[White "Ginger_GM"]
[Black "chenxiaoyuer"]
[Result "1-0"]
[WhiteElo "2575"]
[BlackElo "2374"]
[TimeControl "180+1"]
[EndTime "9:39:03 PDT"]
[Termination "Ginger_GM won by resignation"]

1. e4 c5 2. Nf3 d6 3. d4 cxd4 4. Nxd4 Nf6 5. Nc3 Nc6 6. Bc4 Bd7 7. Be3 Ng4 8. Nxc6 bxc6 9. O-O Nxe3 10. fxe3 e6 11.
Qh5 g6 12. Qf3 Qe7 13. e5 d5 14. Bd3 Bg7 15. Qg3 O-O 16. Ne2 Qb4 17. b3 Qb8 18. Rad1 Qxe5 19. Qf2 a5 20. Nd4 f5 21. h4 Qf6 22. Nf3 e5 23. Ng5 e4 24. Be2 h6 25.
Nh3 a4 26. c4 axb3 27. axb3 Be6 28. cxd5 cxd5 29. Nf4 Rad8 30. Rd2 Bf7 31. Rfd1 Qc3 32.
Nxd5 Bxd5 33. Rxd5 Qxb3 34. Rxd8 Rxd8 35. Rxd8+ 1-0

[Event "*** SCC Grand Prix: Titled Tuesday Blitz"]
[Site "Chess.com"]
[Date "2020.06.09"]
[Round "4"]
[White "quesfr"]
[Black "SoltaniciR"]
[Result "0-1"]
[WhiteElo "2250"]
[BlackElo "2488"]
[TimeControl "180+1"]
[EndTime "9:39:04 PDT"]
[Termination "SoltaniciR won on time"]

1. e4 c5 2. Nf3 d6 3. d4 cxd4 4. Nxd4 Nf6 5. Nc3 a6 6. Nb3 Nbd7 7. a4 b6 8. g4 Bb7 9. Bg2 h6 10. f4 e5 11. g5 hxg5 12. fxg5 Nh5 13. a5 g6 14. Nd5 Rc8 15. Be3 b5 16. c3 Be7 17.
h4 Bxd5 18. Qxd5 Qc7 19. Nd2 Nc5 20. O-O O-O 21. Bf3 Ng7 22. h5 Nxh5 23. Bxh5 gxh5 24. g6 Qd7 25. gxf7+ Kh7 26. Rf5 Qe6 27. Rxh5+ Kg6 28.
Rh6+ Kxf7 29. Rxe6 Nxe6 30. Rf1+ Bf6 31. Nf3 Rg8+ 32. Kf2 Ke7 33. Ke1 Nc7 34. Qb7 Kd7 35. Nd2 Rb8 36. Qa7 Bh4+ 37. Kd1 Be7 0-1

[Event "*** SCC Grand Prix: Titled Tuesday Blitz"]
[Site "Chess.com"]
[Date "2020.06.09"]
[Round "4"]
[White "LisikValera"]
[Black "AcsinteMatei"]
[Result "1-0"]
[WhiteElo "2472"]
[BlackElo "2318"]
[TimeControl "180+1"]
[EndTime "9:39:05 PDT"]
[Termination "LisikValera won by resignation"]

1. d4 Nf6 2. c4 e6 3. Nc3 Bb4 4. Nf3 O-O 5. Bg5 d5 6. e3 h6 7. Bxf6 Qxf6 8. cxd5 exd5 9. Bd3 Bf5 10. O-O c6 11. Ne5 Nd7 12. Nxd7 Bxd7 13. Rc1 Rfe8 14. Na4 b6 15. Nc3 Bd6 16. Ne2 h5 17. Qd2 h4 18. h3 Rac8 19. Kh1 Bb8 20. Ng1 Re7 21. f4 Rce8 22. Rce1 c5 23. dxc5 bxc5 24. Nf3 d4 25. exd4 Rxe1 26. Rxe1 Rxe1+ 27. Qxe1 Qxf4 28. Qxh4 Qc1+ 29. Qe1 Qxe1+ 30. Nxe1 cxd4 31. Kg1 a5 32. Kf1 f6 33. Ke2 Bc6 34. Nf3 Bd5 35. b3 Be5 36.
Bc4 Bxc4+ 37. bxc4 Kf7 38. Kd3 Kg6 39. Nxd4 Bc7 40.
Ke4 Kg5 41. Ne6+ 1-0

[Event "*** SCC Grand Prix: Titled Tuesday Blitz"]
[Site "Chess.com"]
[Date "2020.06.09"]
[Round "4"]
[White "anon569"]
[Black "louis198"]
[Result "1-0"]
[WhiteElo "2308"]
[BlackElo "2433"]
[TimeControl "180+1"]
[EndTime "9:39:07 PDT"]
[Termination "anon569 won by resignation"]

1. e4 e6 2. Nf3 d5 3. Nc3 dxe4 4. Nxe4 Bd7 5. d4 Bc6 6. Bd3 Nd7 7. O-O Ngf6 8. Qe2 g6 9. c4 Bxe4 10. Bxe4 Nxe4 11. Qxe4 c6 12. Bg5 Be7 13. Bh6 Bf8 14. Bxf8 Kxf8 15. d5 cxd5 16. cxd5 Nf6 17. Qb4+ Qe7 18.
d6 Qd8 19. Ne5 Rb8 20. Rac1 Nd5 21. Qa3 Kg7 22. Rfd1 a5 23. Rxd5 exd5 24. Rc7 Rf8 25. Nd7 Re8 26. Qc3+ Kg8 27. Nxb8 Qxb8 28. g3 Qd8 29. d7 Rf8 30. Qc5 d4 31. Rc8 d3 32.
Rxd8 Rxd8 33. Qe7 1-0

[Event "*** SCC Grand Prix: Titled Tuesday Blitz"]
[Site "Chess.com"]
[Date "2020.06.09"]
[Round "4"]
[White "MartinMatthiesen"]
[Black "ClassyEl"]
[Result "1-0"]
[WhiteElo "2367"]
[BlackElo "2510"]
[TimeControl "180+1"]
[EndTime "9:39:08 PDT"]
[Termination "MartinMatthiesen won by resignation"]

1. d4 Nf6 2. c4 e6 3. Nf3 c5 4. d5 exd5 5. cxd5 Bd6 6. Nc3 Bc7 7. d6 Ba5 8. g3 O-O 9. Bg2 Nc6 10. O-O Bxc3 11. bxc3 h6 12. Nh4 Re8 13. Re1 Qa5 14.
Rb1 Qxa2 15. Rb2 Qc4 16. e4 Re6 17. Nf5 a5 18. Bf1 Qxc3 19. Rc2 Qb3 20. Re3 Qb6 21. Bb2 a4 22. Ba1 a3 23. Rc1 a2 24.
Rec3 g6 25. Nxh6+ Kg7 26. Rxc5 Rxd6 27. Qxd6 1-0

[Event "*** SCC Grand Prix: Titled Tuesday Blitz"]
[Site "Chess.com"]
[Date "2020.06.09"]
[Round "4"]
[White "trriinu"]
[Black "Fortitudine"]
[Result "0-1"]
[WhiteElo "1985"]
[BlackElo "2263"]
[TimeControl "180+1"]
[EndTime "9:39:08 PDT"]
[Termination "Fortitudine won by resignation"]

1. e4 c5 2. Nf3 d6 3. Bb5+ Nd7 4. O-O a6 5. Be2 e6 6. c3 Be7 7. d4 Ngf6 8. Bd3 O-O 9. h3 Qc7 10. Qe2 e5 11. d5 b5 12. a4 c4 13. Bc2 Rb8 14.
Nbd2 Nc5 15. Rd1 Re8 16. Nf1 h6 17. Ng3 Bf8 18. Nh4 g6 19. Qf3 Bg7 20. Bxh6 Nh7 21.
Bxg7 Kxg7 22. Qe3 Qe7 23. Nf3 Rf8 24. h4 f5 25. exf5 gxf5 26. Nh5+ Kh8 27. Re1 Qf7 28. Ng3 f4 29. Nxe5 fxe3 30. Nxf7+ Rxf7 31. Rxe3 Bd7 32. Nh5 Rg8 33. g3 Bg4 34. Nf4 Rxf4 35. gxf4 Bf5+ 36. Rg3 Rxg3+ 37. fxg3 Bxc2 38. axb5 axb5 39. Ra8+ Kg7 40. Rd8 Ne4 41. Rd7+ Kg6 42. Kg2 Nhf6 43. Kf3 Nxd7 44. g4 Nb6 0-1

[Event "*** SCC Grand Prix: Titled Tuesday Blitz"]
[Site "Chess.com"]
[Date "2020.06.09"]
[Round "4"]
[White "Nathan_Filgueiras"]
[Black "AungTZ"]
[Result "1-0"]
[WhiteElo "2410"]
[BlackElo "2117"]
[TimeControl "180+1"]
[EndTime "9:39:09 PDT"]
[Termination "Nathan_Filgueiras won by resignation"]

1. e4 c5 2. Nf3 Nc6 3. d4 cxd4 4.
Nxd4 Nf6 5. Nc3 d6 6. Bg5 e6 7. Qd2 a6 8. O-O-O h6 9. Be3 Bd7 10. f3 b5 11. Kb1 b4 12. Nce2 d5 13. Nxc6 Bxc6 14. Nd4 Bb7 15. e5 Nd7 16. f4 Bc5 17.
g4 Qb6 18. h4 O-O-O 19. Bg2 Kb8 20. Rhe1 Ka8 21. h5 Rc8 22. Nb3 Bxe3 23. Rxe3 a5 24. Qd4 a4 25. Qxb6 Nxb6 26. Nd4 Ba6 27. b3 a3 28. f5 Rhe8 29. fxe6 fxe6 30. Bf1 Bxf1 31.
Rxf1 Rc7 32. Ref3 Kb7 33. Nb5 Rd7 34. Nd6+ Rxd6 35. exd6 Kc6 36. Rf7 Kxd6 37. Rxg7 d4 38. Rg6 Nd5 39. Rxh6 Rg8 40. Rg6 Rh8 41. h6 Ne3 42.
Rh1 Kd5 43. h7 Rc8 44. h8=Q Rxc2 45. Qd8+ Ke5 46. Qf6+ Ke4 47. Qxe6+ Kf3 48. Rh3+ Ke2 49. Rxe3+ dxe3 50. Kxc2 1-0

[Event "*** SCC Grand Prix: Titled Tuesday Blitz"]
[Site "Chess.com"]
[Date "2020.06.09"]
[Round "4"]
[White "Infernal_XaM"]
[Black "SCIM"]
[Result "1-0"]
[WhiteElo "2766"]
[BlackElo "2547"]
[TimeControl "180+1"]
[EndTime "9:39:10 PDT"]
[Termination "Infernal_XaM won by resignation"]

1. e4 c5 2. Nf3 e6 3. c3 Nf6 4. e5 Nd5 5. d4 cxd4 6. cxd4 d6 7. Bc4 Be7 8. O-O O-O 9. Bxd5 exd5 10. Nc3 Be6 11. Bf4 Nc6 12. h3 dxe5 13. dxe5 Rc8 14. Nb5 Qb6 15. Nbd4 Bc5 16. Be3 Nxd4 17. Bxd4 Bf5 18.
Rc1 Be4 19. Rxc5 Rxc5 20. Nd2 Qc6 21. Bxc5 Qxc5 22. Nb3 Qc7 23. Qd4 b6 24. Rc1 Qe7 25. f3 Bf5 26. Qe3 Re8 27. Nd4 Bg6 28. Rc6 h6 29. e6 fxe6 30. Rxe6 Qf7 31. Rxe8+ Qxe8 32.
Qxe8+ Bxe8 33. Kf2 Kf7 34. Ke3 Bd7 35. h4 Ke7 36. h5 Kf6 37. Kf4 Be8 38. g4 Bd7 39.
b4 Be8 40. Ke3 Ke5 41. f4+ Kf6 42. Nf3 Bd7 43. g5+ hxg5 44. fxg5+ Kf5 45. Kd4 Kf4 46. h6 gxh6 47. gxh6 Bf5 48. Ne5 Bb1 49. Nd3+ Bxd3 50. Kxd3 1-0

[Event "*** SCC Grand Prix: Titled Tuesday Blitz"]
[Site "Chess.com"]
[Date "2020.06.09"]
[Round "4"]
[White "FMOlexandrProhorov"]
[Black "ChessyInstinct"]
[Result "1-0"]
[WhiteElo "2086"]
[BlackElo "2391"]
[TimeControl "180+1"]
[EndTime "9:39:10 PDT"]
[Termination "FMOlexandrProhorov won by checkmate"]

1. e4 d5 2. exd5 Qxd5 3. Nc3 Qd6 4. d4 c6 5. Nge2 Nf6 6. Bf4 Qd8 7. Qd2 Bf5 8. Ng3 Bg6 9. h4 h6 10. h5 Bh7 11. Bd3 Bxd3 12. Qxd3 e6 13. O-O-O Bd6 14. Qf3 Bxf4+ 15. Qxf4 Nbd7 16. Rhe1 Nd5 17. Nxd5 cxd5 18. Nf5 Qg5 19. Qxg5 hxg5 20. g4 Rb8 21. Nd6+ Ke7 22. Nb5 a6 23. Nc3 Nf6 24. f3 b5 25. a3 a5 26. Re5 b4 27. axb4 axb4 28. Na4 Nh7 29.
Rde1 Rhd8 30. Nc5 Rd6 31. Kd2 Rbb6 32. Nd3 f6 33. R5e2 Nf8 34. Ra1 Nd7 35. Ra8 b3 36. c3 Ra6 37. Rg8 Kf7 38. Rh8 Ra1 39.
h6 Nb6 40. Rh2 Nc4+ 41. Ke2 gxh6 42. R2xh6 e5 43. R6h7+ Ke6 44. Nc5# 1-0

[Event "*** SCC Grand Prix: Titled Tuesday Blitz"]
[Site "Chess.com"]
[Date "2020.06.09"]
[Round "4"]
[White "Shoooting_Star"]
[Black "Belka1989"]
[Result "1-0"]
[WhiteElo "2724"]
[BlackElo "2454"]
[TimeControl "180+1"]
[EndTime "9:39:11 PDT"]
[Termination "Shoooting_Star won by resignation"]

1. d4 Nf6 2. c4 e5 3. dxe5 Ng4 4. Nf3 Bc5 5. e3 Nc6 6. a3 a5 7. b3 O-O 8. Bb2 Re8 9. Nbd2 Ngxe5 10. Nxe5 Nxe5 11.
Nf3 Ng4 12. Be2 Bxe3 13. fxe3 Nxe3 14. Qc1 Nxg2+ 15. Kf2 Ne3 16. Rg1 f6 17. Qc3 d5 18.
cxd5 Nxd5 19. Bc4 c6 20. Qxf6 Qxf6 21. Bxf6 g6 22. Rae1 Be6 23. Be5 Nb6 24. Bd3 Bf7 25. Ng5 Bxb3 26. Bd4 Nd5 27. Ne4 Nf4 28. Nf6+ Kf7 29.
Rxe8 Rxe8 30. Nxe8 Nh3+ 31. Kg3 Nxg1 32. Nd6+ Ke6 33. Nxb7 1-0

[Event "*** SCC Grand Prix: Titled Tuesday Blitz"]
[Site "Chess.com"]
[Date "2020.06.09"]
[Round "4"]
[White "WildTricks"]
[Black "Lagmantr"]
[Result "0-1"]
[WhiteElo "2513"]
[BlackElo "2718"]
[TimeControl "180+1"]
[EndTime "9:39:12 PDT"]
[Termination "Lagmantr won by resignation"]

1. Nf3 d5 2. g3 Nf6 3. Bg2 g6 4. O-O Bg7 5. d4 O-O 6. c4 c6 7. b3 Bf5 8. Bb2 Nbd7 9. Nc3 Re8 10. e3 Ne4 11. Qe2 h6 12. Rfd1 g5 13. h4 e6 14.
hxg5 hxg5 15. Nxe4 Bxe4 16. Nh2 Bg6 17. e4 a5 18. a3 a4 19. b4 dxe4 20. Bxe4 Bxe4 21. Qxe4 Nb6 22. Qe2 Qf6 23. Rd2 Qg6 24. Rad1 Rad8 25. Nf1 f5 26. Ne3 Kf7 27. Kg2 f4 28. Ng4 Qf5 29.
gxf4 gxf4 30. f3 Rh8 31. d5 cxd5 32. Bxg7 Kxg7 33. cxd5 Nxd5 34. Qb5 Ne3+ 35. Nxe3 Qxb5 36. Rxd8 Qe2+ 37. Kg1 Qxe3+ 0-1

[Event "*** SCC Grand Prix: Titled Tuesday Blitz"]
[Site "Chess.com"]
[Date "2020.06.09"]
[Round "4"]
[White "Dr_crypt"]
[Black "mjray79"]
[Result "1-0"]
[WhiteElo "2468"]
[BlackElo "2311"]
[TimeControl "180+1"]
[EndTime "9:39:12 PDT"]
[Termination "Dr_crypt won by checkmate"]

1. d4 Nf6 2. Nf3 g6 3. g3 Bg7 4. Bg2 O-O 5. O-O d6 6. b3 a6 7.
Bb2 Nc6 8. d5 Nb8 9. c4 b5 10.
Nbd2 Nbd7 11. Nd4 Bb7 12. Nc6 Bxc6 13. dxc6 Nb6 14. Qc2 e5 15. Rfd1 bxc4 16. Nxc4 Nxc4 17. Qxc4 Qe7 18. Rac1 Kh8 19. e3 Ne8 20. Rd5 f5 21.
Ra5 Nf6 22. Rxa6 Rad8 23. Ra7 g5 24. b4 f4 25. b5 Rb8 26. Rb7 Ng4 27. exf4 gxf4 28.
Rf1 Nh6 29. Rxb8 Rxb8 30. gxf4 exf4 31. Bxg7+ Qxg7 32. Kh1 Rf8 33. Bf3 Qe7 34. Qc3+ Kg8 35. Rg1+ Kf7 36. Rg7+ Ke8 37. Rxe7+ Kxe7 38. b6 cxb6 39. c7 Kd7 40. Bb7 Ng4 41. Qg7+ Ke6 42. Qxg4+ Ke5 43. Qg7+ Kf5 44. Qxf8+ Kg4 45. f3+ Kh4 46.
Qh6# 1-0

[Event "*** SCC Grand Prix: Titled Tuesday Blitz"]
[Site "Chess.com"]
[Date "2020.06.09"]
[Round "4"]
[White "Shahinyan_ChessMood"]
[Black "GaboSalazar2001"]
[Result "0-1"]
[WhiteElo "2589"]
[BlackElo "2276"]
[TimeControl "180+1"]
[EndTime "9:39:13 PDT"]
[Termination "GaboSalazar2001 won on time"]

1. e4 c5 2. Nc3 a6 3. g3 b5 4. Bg2 Bb7 5. d3 e6 6. Nh3 Nf6 7. O-O h5 8. f4 Nc6 9. f5 Bd6 10. Ng5 Qc7 11. fxe6 dxe6 12. Bf4 h4 13. Qd2 hxg3 14. hxg3 Nd4 15. Bxd6 Qxd6 16. e5 Qxe5 17. Bxb7 Qxg3+ 18. Qg2 Qxg2+ 19. Bxg2 Ra7 20. Rf2 Rh5 21. Nce4 Ng4 22. Rxf7 Rxf7 23. Nd6+ Ke7 24. Ndxf7 Nxc2 25. Rc1 Nge3 26. Kf2 Kf6 27. Kf3 Nf5 28. Kf2 Nfd4 29.
b3 a5 0-1

[Event "*** SCC Grand Prix: Titled Tuesday Blitz"]
[Site "Chess.com"]
[Date "2020.06.09"]
[Round "4"]
[White "LizaSolovyova"]
[Black "RusPakhom"]
[Result "1/2-1/2"]
[WhiteElo "2526"]
[BlackElo "2348"]
[TimeControl "180+1"]
[EndTime "9:39:15 PDT"]
[Termination "Game drawn by agreement"]

1. d4 d5 2. Nc3 Nf6 3. e4 dxe4 4. f3 exf3 5. Nxf3 c6 6. Bc4 Bg4 7. O-O e6 8. Be3 Be7 9. Qd2 O-O 10. Ne5 Bh5 11. Rf2 Nbd7 12. Nxd7 Qxd7 13. Raf1 Rad8 14. Qe1 Ng4 15. Rf4 Nxe3 16. Qxe3 Bg5 17. Qg3 Bxf4 18. Rxf4 Bg6 19. h4 h5 20. Ne2 b5 21. Bb3 c5 22. c3 cxd4 23. Nxd4 e5 24. Rf6 Qg4 25. Rxg6 Qxg3 26. Rxg3 exd4 27. Rg5 dxc3 28. bxc3 Rd3 29. Rxb5 Rxc3 30. Rxh5 g6 31. Ra5 Rc7 32. h5 Kg7 33.
hxg6 fxg6 34. Kh2 Rf5 35. Ra6 Re7 36. Kg3 Kh6 37. Bc4 Kg5 38. a4 Re3+ 39. Kh2 Re7 40.
Bd3 Rf6 41. Ra5+ Kh6 42. Rd5 Kg7 43. Bb5 Rf5 44. Rd8 1/2-1/2

[Event "*** SCC Grand Prix: Titled Tuesday Blitz"]
[Site "Chess.com"]
[Date "2020.06.09"]
[Round "4"]
[White "AtabayevSaparmyrat"]
[Black "Lubov_Gordyk"]
[Result "1-0"]
[WhiteElo "2797"]
[BlackElo "2627"]
[TimeControl "180+1"]
[EndTime "9:39:16 PDT"]
[Termination "AtabayevSaparmyrat won on time"]

1. e4 g6 2. d4 Bg7 3. Nc3 d6 4.
Nf3 a6 5. Bd3 b5 6. a4 b4 7. Nd5 a5 8. c3 c6 9. Ne3 Nf6 10. O-O O-O 11. Bd2 Ba6 12. Qc2 Bxd3 13. Qxd3 bxc3 14. bxc3 d5 15. e5 Ne4 16. Rab1 f5 17. exf6 exf6 18. c4 Na6 19. cxd5 cxd5 20. Rb5 Nxd2 21. Nxd2 Nb4 22. Qb3 Kh8 23. Nxd5 Nxd5 24.
Rxd5 Qe7 25. Rb5 Rfd8 26. d5 Qe2 27. Nc4 f5 28. Nxa5 Qe4 29. Nc6 Re8 30. a5 f4 31.
Rb4 Qe2 32. Rxf4 Bh6 33. Qc3+ Bg7 34. Qf3 Qb5 35. Rf7 Qc5 36. g3 Rf8 37. Re1 Rxf7 38. Qxf7 Rf8 39. Re8 1-0

[Event "*** SCC Grand Prix: Titled Tuesday Blitz"]
[Site "Chess.com"]
[Date "2020.06.09"]
[Round "4"]
[White "RaphCamora"]
[Black "martabartel"]
[Result "1-0"]
[WhiteElo "2473"]
[BlackElo "2321"]
[TimeControl "180+1"]
[EndTime "9:39:16 PDT"]
[Termination "RaphCamora won on time"]

1. e4 c5 2. Nf3 Nc6 3. d4 cxd4 4. Nxd4 Qc7 5. Nc3 e6 6. Be3 a6 7. Qd2 Nf6 8. O-O-O Be7 9. f3 b5 10. Kb1 Bb7 11. g4 b4 12. Na4 d5 13. g5 Nd7 14.
exd5 exd5 15. Nf5 Nce5 16. Nxg7+ Kf8 17. Nf5 Nxf3 18. Qf2 d4 19. Bxd4 Nxd4 20. Qxd4 Rg8 21. Nxe7 Bxh1 22. Nxg8 Rc8 23. Bd3 Bc6 24. Nh6 Bxa4 25.
Qxb4+ Nc5 26. Qd4 Nxd3 27. Qxa4 1-0

[Event "*** SCC Grand Prix: Titled Tuesday Blitz"]
[Site "Chess.com"]
[Date "2020.06.09"]
[Round "4"]
[White "ecwinslow"]
[Black "Grandmaster2B"]
[Result "0-1"]
[WhiteElo "2237"]
[BlackElo "2430"]
[TimeControl "180+1"]
[EndTime "9:39:16 PDT"]
[Termination "Grandmaster2B won by resignation"]

1. e4 c5 2. Nf3 d6 3. d4 cxd4 4. Nxd4 Nf6 5. Nc3 a6 6. Bg5 e6 7. f4 Be7 8. Qf3 Qc7 9. O-O-O Nbd7 10. f5 e5 11. Nde2 b5 12. Bxf6 Nxf6 13. Nd5 Nxd5 14.
exd5 Qc4 15. Kb1 Qc7 16. Nc3 O-O 17. Ne4 f6 18. g4 Bd7 19. h4 b4 20. Bd3 a5 21. g5 a4 22. gxf6 Bxf6 23. Rhg1 b3 24. cxb3 axb3 25. a3 Kh8 26. Rc1 Qb6 27. Rg6 hxg6 28.
fxg6 Bg5 29. Qh5+ Bh6 30. Ng5 Qe3 31. Rd1 Bf5 32. Bxf5 Rxf5 33. Nf7+ Rxf7 34. gxf7 Qe4+ 35. Ka1 Qc2 36. f8=Q+ Rxf8 0-1

[Event "*** SCC Grand Prix: Titled Tuesday Blitz"]
[Site "Chess.com"]
[Date "2020.06.09"]
[Round "4"]
[White "Man-Chuk"]
[Black "LyonBeast"]
[Result "0-1"]
[WhiteElo "2758"]
[BlackElo "2959"]
[TimeControl "180+1"]
[EndTime "9:39:17 PDT"]
[Termination "LyonBeast won by checkmate"]

1. d4 d5 2. c4 c6 3. Nf3 Nf6 4. e3 Bf5 5. Nc3 e6 6. Nh4 Be4 7. f3 Bg6 8. Qb3 Qc7 9. Bd2 Be7 10.
Rc1 Nbd7 11. g3 dxc4 12. Bxc4 a6 13. a4 O-O 14. Nxg6 hxg6 15. O-O b5 16. Be2 Qb6 17. Ne4 Rfc8 18. Rc2 Nxe4 19. fxe4 b4 20. Rfc1 Qb7 21. e5 c5 22. Kf2 Rab8 23. Bf3 Qa7 24.
Qd3 Rd8 25. Qe4 Qb6 26. b3 a5 27. h4 cxd4 28. exd4 Nf8 29. Be3 Rd7 30. d5 exd5 31. Qxd5 Qd8 32. Qc4 Ne6 33. Bg4 Rd5 34. Bxe6 fxe6 35.
Qg4 Rxe5 36. Bf4 Rf5 37. Qxg6 Qd5 38. Rc8+ Rxc8 39. Rxc8+ Bf8 40. Kg1 Qxb3 41. Re8 Rf6 42. Qg4 Qb1+ 43. Kh2 Qe4 44. Qg5 b3 45. Bd6 Qe2+ 46.
Kh3 Qf1+ 47. Kg4 Qf5+ 48. Kh5 g6# 0-1

[Event "*** SCC Grand Prix: Titled Tuesday Blitz"]
[Site "Chess.com"]
[Date "2020.06.09"]
[Round "4"]
[White "Dinamo81"]
[Black "doctorcristian"]
[Result "1-0"]
[WhiteElo "2630"]
[BlackElo "2415"]
[TimeControl "180+1"]
[EndTime "9:39:17 PDT"]
[Termination "Dinamo81 won on time"]

1. d4 Nf6 2. Bf4 c5 3. e3 d5 4. Nc3 cxd4 5. exd4 a6 6. Nf3 Nc6 7. Ne5 Bd7 8. Qd3 g6 9. Be2 Bg7 10. Nxd7 Qxd7 11. O-O-O Na5 12. Be5 Rc8 13. Qf3 Bh6+ 14.
Kb1 O-O 15. Bxf6 exf6 16. Nxd5 Qa4 17. Ne7+ Kh8 18. Nxc8 Rxc8 19. b3 Qa3 20. Bd3 Nc6 21. c3 f5 22. Bc4 Rc7 23. Rhe1 Bg5 24. Qg3 Na5 25. Qxc7 Nxc4 26. Qxc4 b5 27. Qc5 1-0

[Event "*** SCC Grand Prix: Titled Tuesday Blitz"]
[Site "Chess.com"]
[Date "2020.06.09"]
[Round "4"]
[White "PavelChernomordik"]
[Black "Slovak_fighter2000"]
[Result "0-1"]
[WhiteElo "2275"]
[BlackElo "2447"]
[TimeControl "180+1"]
[EndTime "9:39:17 PDT"]
[Termination "Slovak_fighter2000 won by resignation"]

1. e4 e6 2. Nc3 d5 3. d4 Bb4 4. Ne2 dxe4 5. a4 Nf6 6. Bd2 Nc6 7. Bg5 h6 8. Bxf6 Qxf6 9. Qd2 O-O 10. Qe3 e5 11. d5 Nd4 12. O-O-O Bxc3 13. Nxc3 Bf5 14. Be2 Qg5 15. Bc4 Bg6 16. Kb1 Kh7 17. Qxg5 hxg5 18. h4 g4 19. h5 Bf5 20. Rde1 Rae8 21.
Nxe4 Bxe4 22. Rxe4 f5 23. Ree1 c6 24. c3 cxd5 25.
Bxd5 Nc6 26. Rd1 e4 27. Rhe1 Re7 28. Bxc6 bxc6 29. Rd6 Rf6 30. Red1 Kh6 31. Rxf6+ gxf6 32. Rd6 Kxh5 33. Rxf6 Kg5 34. Rxc6 g3 35. f4+ Kxf4 36. Kc2 Ke3 37. Rf6 f4 38. Rg6 Kf2 39. Rf6 f3 40. gxf3 exf3 41. c4 g2 42. Rg6 g1=Q 43. Rxg1 Kxg1 0-1

[Event "*** SCC Grand Prix: Titled Tuesday Blitz"]
[Site "Chess.com"]
[Date "2020.06.09"]
[Round "4"]
[White "Tesla37"]
[Black "KuzubovYuriy"]
[Result "1/2-1/2"]
[WhiteElo "2923"]
[BlackElo "2750"]
[TimeControl "180+1"]
[EndTime "9:39:18 PDT"]
[Termination "Game drawn by agreement"]

1. e4 e5 2. Nf3 Nf6 3. d4 Nxe4 4. Bd3 d5 5. Nxe5 Nd7 6. Nxd7 Bxd7 7. Nc3 Nxc3 8.
bxc3 Bd6 9. Qh5 Qe7+ 10. Be3 Be6 11. O-O O-O-O 12. Rab1 Kb8 13. Rfe1 g6 14. Qf3 Qh4 15. g3 Qg4 16. Qxg4 Bxg4 17. c4 c6 18. c5 Bc7 19.
Bg5 Rde8 20. Bf6 Rhg8 21. a4 Re6 22. Rxe6 Bxe6 23. f3 Kc8 24. Kf2 b6 25. f4 Kd7 26.
h4 h5 27. c3 bxc5 28. dxc5 Rb8 29. Rxb8 Bxb8 30. Ke3 Bc7 31. Kd4 Bf5 32. Bxf5+ gxf5 33. Be5 Bd8 34. Bd6 Ke6 35. Be5 a6 36. Kd3 Be7 37.
Kd4 f6 38. Bc7 Kd7 39. Bb6 Kc8 40. Kd3 1/2-1/2

[Event "*** SCC Grand Prix: Titled Tuesday Blitz"]
[Site "Chess.com"]
[Date "2020.06.09"]
[Round "4"]
[White "GelmanAlexander"]
[Black "esrosenberg"]
[Result "1-0"]
[WhiteElo "2547"]
[BlackElo "2213"]
[TimeControl "180+1"]
[EndTime "9:39:19 PDT"]
[Termination "GelmanAlexander won by checkmate"]

1. c4 e5 2. e3 Nc6 3. a3 f5 4. d3 Nf6 5. b4 a6 6. Bb2 d6 7. Nd2 Be7 8. Ngf3 O-O 9. Qc2 Qe8 10. Be2 Qg6 11. g3 Qh6 12. h3 f4 13.
gxf4 exf4 14. e4 Nd7 15. d4 Nd8 16. O-O-O a5 17. b5 a4 18. h4 Nb6 19. Rdg1 d5 20. cxd5 Nf7 21. Ng5 Nd6 22. Kb1 Bd7 23. Qxc7 Ne8 24.
Qxb7 Rd8 25. Ndf3 Qg6 26. h5 Qf6 27. Bd3 h6 28. e5 Qf5 29. Bxf5 Bxf5+ 30. Ka1 Nc4 31.
Qxe7 Nxb2 32. Kxb2 hxg5 33. Rxg5 Rf7 34. Qxd8 Kh7 35. Qxe8 Be4 36. Qxf7 Bxf3 37. Qxg7# 1-0

[Event "*** SCC Grand Prix: Titled Tuesday Blitz"]
[Site "Chess.com"]
[Date "2020.06.09"]
[Round "4"]
[White "Sychev_Klementy"]
[Black "Witik"]
[Result "1-0"]
[WhiteElo "2854"]
[BlackElo "2576"]
[TimeControl "180+1"]
[EndTime "9:39:20 PDT"]
[Termination "Sychev_Klementy won on time"]

1. e4 c6 2. d4 d5 3. e5 Bf5 4.
Bd3 Bxd3 5. Qxd3 e6 6. Ne2 c5 7. c3 cxd4 8. cxd4 Ne7 9. O-O Nd7 10. Nd2 Nc6 11. f4 g6 12. Nf3 Be7 13. g4 Qb6 14.
Be3 O-O-O 15. a3 h5 16. h3 Kb8 17. b4 a6 18. Rfc1 hxg4 19. hxg4 Rc8 20. Kg2 Na7 21. Nc3 Nb5 22. Na4 Qa7 23. Nc5 Nb6 24. a4 Nc7 25.
Qe2 Nc4 26. Rxc4 dxc4 27. Nd7+ Ka8 28. b5 Nd5 29. Rb1 Nc3 30. Qe1 Nxb1 31. b6 Na3 32.
bxa7 Rc6 33. d5 exd5 34. Nb6+ Rxb6 35. Bxb6 Rc8 36. e6 c3 37. exf7 c2 38. Qxe7 c1=Q 39. f8=Q 1-0

[Event "*** SCC Grand Prix: Titled Tuesday Blitz"]
[Site "Chess.com"]
[Date "2020.06.09"]
[Round "4"]
[White "Msb2"]
[Black "Lenyas66"]
[Result "1-0"]
[WhiteElo "2842"]
[BlackElo "2569"]
[TimeControl "180+1"]
[EndTime "9:39:21 PDT"]
[Termination "Msb2 won on time"]

1. d4 e6 2. c4 Bb4+ 3. Bd2 a5 4. g3 Nf6 5. Bg2 d5 6. Qc2 O-O 7. Nf3 b6 8. O-O Ba6 9. b3 c5 10. a3 Bxd2 11. Nbxd2 Nbd7 12. Rfd1 Rc8 13. e4 cxd4 14. exd5 e5 15. Qb2 Re8 16. Re1 Qc7 17. Rac1 Nc5 18. Qc2 h6 19. b4 axb4 20. axb4 Ncd7 21. Qb1 Qd6 22. Nh4 Qf8 23. Bh3 Bb7 24. Ne4 Rcd8 25. Bxd7 Nxd7 26. Nf5 Nf6 27. Nxh6+ Kh8 28. Nxf6 gxf6 29.
Re4 Bc8 30. Rh4 Kg7 31. Nf5+ Bxf5 32. Qxf5 Qxb4 33. Rh7+ Kg8 34. Qh5 Rd7 35. Rh8+ 1-0

[Event "*** SCC Grand Prix: Titled Tuesday Blitz"]
[Site "Chess.com"]
[Date "2020.06.09"]
[Round "4"]
[White "SketchyMoves"]
[Black "aleksandrovaleksei"]
[Result "1-0"]
[WhiteElo "2654"]
[BlackElo "2590"]
[TimeControl "180+1"]
[EndTime "9:39:21 PDT"]
[Termination "SketchyMoves won on time"]

1. b3 d5 2. Bb2 c6 3. Nf3 Bf5 4. e3 h6 5. c4 e6 6. cxd5 exd5 7. d3 Nf6 8. Be2 Bd6 9. Nbd2 O-O 10. O-O Re8 11. Re1 a5 12. a3 Na6 13. Qc2 Bh7 14. Bf1 Nc5 15. Rad1 Bf8 16. e4 dxe4 17. dxe4 Qe7 18.
Nd4 Nfxe4 19. Nxe4 Bxe4 20. Qc3 Qg5 21. Bc1 Qg6 22.
f3 Bd5 23. Bb2 b5 24. Nxb5 Rxe1 25. Qxe1 Bxf3 26. Nc7 Bxd1 27. Nxa8 Bxb3 28. Qxa5 Bd5 29. Nc7 Be4 30. Qc3 Na4 31. Qd2 Nxb2 32. Qxb2 Bc5+ 33.
Kh1 Bd6 34. Ne8 Bf4 35. a4 1-0